 Dungeon Crawl Stone Soup version 0.28-a0-850-g09de17f5b5 (webtiles) character file.

Game seed: 3786301633721271184

3 croobank the Sneak (level 1, 0/10 HPs)
             Began as a Felid Delver on Nov 13, 2021.
             Slain by a bat (1 damage)
             ... on level 5 of the Dungeon.
             The game lasted 00:02:42 (256 turns).

croobank the Sneak (Felid Delver)                    Turns: 256, Time: 00:02:43

Health: 0/10       AC:  1    Str:  8    XL:     1   Next: 41%
Magic:  2/2        EV: 17    Int: 11    God:
Gold:   9          SH:  0    Dex: 17    Spells: 0/0 levels left
                                        Lives:  0   Deaths: 0

rFire   . . .      SeeInvis +     - Unarmed
rCold   . . .      Faith    .   (shield unavailable)
rNeg    . . .      Spirit   .   (armour unavailable)
rPois   .          Reflect  .   (helmet unavailable)
rElec   .          Harm     .   (cloak unavailable)
rCorr   .          Rampage  .   (gloves unavailable)
Will    .....                   (boots unavailable)
Stlth   ++++......              (no amulet)
HPRegen 0.03/turn               (no ring)
MPRegen 0.08/turn               (no ring)

@: hasted, very quick
A: very small, claws 1, fangs 3, see invisible, speed 1, shaggy fur 1, stealthy
paws, no weapons or thrown items, no armour, multi-lived
a: no special abilities


You were on level 5 of the Dungeon.
You visited 1 branch of the dungeon, and saw 1 of its levels.

You collected 9 gold pieces.

Inventory:

Wands
 e - a wand of digging (3)
Scrolls
 a - a scroll of fog
 b - a scroll of magic mapping


   Skills:
 + Level 3.0 Fighting
 + Level 2.7 Dodging
 + Level 6.8 Stealth
 + Level 2.0 Unarmed Combat


You couldn't memorise any spells.
You didn't know any spells.
Your spell library was empty.

Dungeon Overview and Level Annotations

Branches:
Dungeon (5/15)
 Temple: D:4-7

Altars:


Innate Abilities, Weirdness & Mutations

You have sharp claws.
You have razor-sharp teeth.
You have supernaturally acute eyesight. (SInv)
You cover ground quickly. (Speed+)
You are covered in fur. (AC +1)
Your paws help you pounce on unaware monsters.
You are incapable of wielding weapons or throwing items.
You cannot wear armour.
You gain extra lives every three experience levels.


Message History

You see here 18 stones. 3 bats come into view. 2 bats come into view.
Found a crooked glowing staff. 3 bats and a vampire bat come into view.
The vampire bat barely misses you.
As you read the scroll of fear, it crumbles to dust.
You assume a fearsome visage.
The vampire bat is unaffected.
The bat looks frightened!
The bat resists with some effort.
The bat looks frightened! x6; The vampire bat barely misses you.
Cornered, the bat turns to fight! x3
Cornered, the bat turns to fight!
The vampire bat completely misses you.
Cornered, the bat turns to fight!
The bat misses you. The vampire bat bites you.
The vampire bat draws strength from your injuries!
The bat closely misses you. The vampire bat barely misses you.
You scratch the bat.
You kill the bat!
The vampire bat bites you.
The vampire bat draws strength from your injuries!
The bat hits you but does no damage.
You scratch the bat.
You kill the bat!
The bat barely misses you. The bat closely misses you. x2
The vampire bat bites you.
The vampire bat draws strength from your injuries!
The vampire bat closely misses you. The vampire bat barely misses you.
The vampire bat completely misses you. The vampire bat bites you.
* * * LOW HITPOINT WARNING * * *
The vampire bat draws strength from your injuries!
You feel yourself speed up. The bat closely misses you. The bat misses you.
The vampire bat bites you.
* * * LOW HITPOINT WARNING * * *
The vampire bat draws strength from your injuries!
The bat closely misses you.
The bat seems to regain its courage.
The bat hits you but does no damage. The bat hits you but does no damage.
The bat hits you.
You die...

..#.###############
####
#.#...@bbbb.##.b..#
...#
#.#####b...b...##.###
##.# #.#
#.###.#####†b.# #.#
#.# #.# #.# #.b|..#
#.# #.# #(# #.#
#.......#
##.########.### #.#
#.# ##.....##
..#...........###.#
#.# ##...##
##.########.......#
#.# ###.# #..#
###.##..# #.. ..


You could see a vampire bat and 5 bats.

Vanquished Creatures
  2 bats (D:5)
  A quokka (D:5)
3 creatures vanquished.

Notes
Turn   | Place    | Note
-------+----------+-------------------------------------------
     0 | D:5      | croobank the Felid Delver began the quest for the Orb.
     0 | D:5      | Reached XP level 1. HP: 10/10 MP: 2/2
     5 | D:5      | Noticed a jelly
    38 | D:5      | Noticed an ogre
   239 | D:5      | Noticed a vampire bat
   256 | D:5      | Slain by a bat

Illustrated notes

Levels and vault maps discovered:
D:5:      layout_loops_ring, corexii_corridor_pit, roderic_batcave,
          minmay_misc_feat_ornament

Action                   || total
-------------------------++-------
Melee: Unarmed           ||     4
  Use: Scroll            ||     1
       Potion            ||     1
Armor: Skin              ||     3
Dodge: Dodged            ||    17

Table legend: (Time is in decaauts)
 A = Elapsed time spent in this place.
 B = Non-inter-level travel time spent in this place.
 C = Inter-level travel time spent in this place.
 D = Time resting spent in this place.
 E = Time spent auto-exploring this place.
 F = Levels seen in this place.
 G = Mean time per level.
                   A        B        C        D        E       F      G
               +--------+--------+--------+--------+--------+-----+--------+
         Total |    233 |    233 |      0 |    141 |     21 |   1 |  233.0 |
       Dungeon |    233 |    233 |      0 |    141 |     21 |   1 |  233.0 |
               +--------+--------+--------+--------+--------+-----+--------+

Top non-repeatable levels by time:
     D:5: 233 daAuts
